NCAA
WASHINGTON STATE COUGARS @ OREGON STATE BEAVERS
05/28/2030
 
TOP OF THE 1ST
Washington State Cougars batting - Pitching for Oregon State Beavers : RHP Brendan Lee
Pitching: RHP Brendan Lee
Batting: LHB Sergio Molina 0-0: Ball
1-0: Foul Ball, location: 2F
1-1: Bunt missed!
1-2: Ball
2-2: Ball
3-2: SINGLE (Groundball, 3S) (infield hit)
Batting: RHB Riley Lewis 0-0: Called Strike
0-1: Bunted foul
0-2: Strikes out swinging
Batting: RHB Jesse Pérez 0-0: Ball
1-0: Fly out, F4 (Popup, 4M)
Batting: LHB Bob Hayes 0-0: Ball
Sergio Molina is caught stealing 2nd base
Top of the 1st over - 0 runs, 1 hit, 0 errors, 0 left on base; Washington State 0 - Oregon State 0
BOTTOM OF THE 1ST
Oregon State Beavers batting - Pitching for Washington State Cougars : RHP Ron Durkin
Pitching: RHP Ron Durkin
Batting: LHB Fernando García 0-0: Ball
1-0: Foul Ball, location: 2F
1-1: Ground out 5-3 (Groundball, 56)
Batting: RHB Ed Edmonds 0-0: Called Strike
0-1: Ball
1-1: Ball
2-1: Swinging Strike
2-2: Foul Ball, location: 2F
2-2: Strikes out swinging
Batting: RHB Michael Kissinger 0-0: Ball
1-0: Swinging Strike
1-1: Ball
2-1: Foul Ball, location: 2F
2-2: Strikes out swinging, 2-3 out at first.
Bottom of the 1st over - 0 runs, 0 hits, 0 errors, 0 left on base; Washington State 0 - Oregon State 0
TOP OF THE 2ND
Washington State Cougars batting - Pitching for Oregon State Beavers : RHP Brendan Lee
Batting: LHB Bob Hayes 0-0: Called Strike
0-1: Ground out 1-3 (Groundball, P)
Batting: RHB Joe Lowe 0-0: Ground out 4-3 (Groundball, 4)
Batting: RHB Ernest Richter 0-0: Ball
1-0: Called Strike
1-1: SINGLE (Groundball, 4D)
Batting: RHB Alfonso Sánchez 0-0: Ball
1-0: Called Strike
1-1: Ball
2-1: Swinging Strike
2-2: Strikes out looking
Top of the 2nd over - 0 runs, 1 hit, 0 errors, 1 left on base; Washington State 0 - Oregon State 0
BOTTOM OF THE 2ND
Oregon State Beavers batting - Pitching for Washington State Cougars : RHP Ron Durkin
Batting: RHB Julius Sears 0-0: Called Strike
0-1: Swinging Strike
0-2: Fly out, F9 (Flyball, 89M)
Batting: LHB Guillermo Peña 0-0: Foul Ball, location: 2F
0-1: Ball
1-1: Ball
2-1: Ball
3-1: Called Strike
3-2: Foul Ball, location: 2F
3-2: SINGLE (Groundball, 6D)
Batting: RHB Bert Smith 0-0: Called Strike
0-1: Called Strike
0-2: Ball
1-2: Strikes out swinging
Batting: LHB Dave Olsen 0-0: Ball
1-0: Swinging Strike
1-1: Ball
2-1: Foul Ball, location: 2F
2-2: Strikes out swinging
Bottom of the 2nd over - 0 runs, 1 hit, 0 errors, 1 left on base; Washington State 0 - Oregon State 0
TOP OF THE 3RD
Washington State Cougars batting - Pitching for Oregon State Beavers : RHP Brendan Lee
Batting: LHB Andrew Guerrero 0-0: Fly out, F9 (Line Drive, 9)
Batting: RHB Charlie Owens 0-0: Called Strike
0-1: Ball
1-1: Ball
2-1: Ball
3-1: Called Strike
3-2: SINGLE (Line Drive, 4D)
Batting: LHB Sergio Molina 0-0: Foul Ball, location: 2F
0-1: Ball
1-1: Ball
2-1: Foul Ball, location: 2F
2-2: Foul Ball, location: 2F
2-2: Foul Ball, location: 2F
2-2: Foul Ball, location: 2F
2-2: Foul Ball, location: 2F
2-2: Fielders Choice at 2nd, 1-6 (Groundball, 13S)
Batting: RHB Riley Lewis 0-0: Swinging Strike
0-1: Ball
1-1: Ball
2-1: SINGLE (Line Drive, 6MD)
Sergio Molina to second
Batting: RHB Jesse Pérez 0-0: Ball
1-0: Ball
2-0: Foul Ball, location: 2F
2-1: Ball
3-1: Base on Balls
Sergio Molina to third
Riley Lewis to second
Batting: LHB Bob Hayes 0-0: Ball
1-0: Ball
2-0: Called Strike
2-1: Foul Ball, location: 2F
2-2: Fly out, F3 (Popup, 3SF)
Top of the 3rd over - 0 runs, 2 hits, 0 errors, 3 left on base; Washington State 0 - Oregon State 0
BOTTOM OF THE 3RD
Oregon State Beavers batting - Pitching for Washington State Cougars : RHP Ron Durkin
Batting: LHB Drew Morris 0-0: Ball
1-0: Ball
2-0: Ball
3-0: Base on Balls
Batting: RHB Ray Picot 0-0: Ground out 5-3 (Groundball, 56S)
Drew Morris to second
Batting: LHB Fernando García 0-0: Swinging Strike
0-1: Ball
1-1: Ball
2-1: Fly out, F9 (Flyball, 9S)
Batting: RHB Ed Edmonds 0-0: Ball
1-0: Swinging Strike
1-1: Swinging Strike
1-2: Strikes out swinging
Bottom of the 3rd over - 0 runs, 0 hits, 0 errors, 1 left on base; Washington State 0 - Oregon State 0
TOP OF THE 4TH
Washington State Cougars batting - Pitching for Oregon State Beavers : RHP Brendan Lee
Batting: RHB Joe Lowe 0-0: Foul Ball, location: 2F
0-1: Fly out, F9 (Flyball, 89S)
Batting: RHB Ernest Richter 0-0: Swinging Strike
0-1: Ball
1-1: DOUBLE (Flyball, 8LD)
Batting: RHB Alfonso Sánchez 0-0: Fly out, F8 (Line Drive, 89D)
Batting: LHB Andrew Guerrero 0-0: Foul Ball, location: 2F
0-1: Called Strike
0-2: Strikes out swinging
Top of the 4th over - 0 runs, 1 hit, 0 errors, 1 left on base; Washington State 0 - Oregon State 0
BOTTOM OF THE 4TH
Oregon State Beavers batting - Pitching for Washington State Cougars : RHP Ron Durkin
Batting: RHB Michael Kissinger 0-0: Swinging Strike
0-1: Ball
1-1: Swinging Strike
1-2: Ball
2-2: Foul Ball, location: 2F
2-2: DOUBLE (Line Drive, 7LD)
Batting: RHB Julius Sears 0-0: Called Strike
0-1: Ball
1-1: Called Strike
1-2: Ball
2-2: Strikes out swinging
Batting: LHB Guillermo Peña 0-0: Ball
1-0: Ball
2-0: Swinging Strike
2-1: Ground out 4-3 (Groundball, 4)
Michael Kissinger to third
Pitching: LHP Glenn O'Rourke
Batting: RHB Bert Smith 0-0: Called Strike
0-1: Ball
1-1: Foul Ball, location: 2F
1-2: Ball
2-2: Ball
3-2: SINGLE (Line Drive, 4D)
Michael Kissinger scores
Batting: LHB Dave Olsen 0-0: Ball
1-0: Ball
2-0: Ball
3-0: Called Strike
3-1: Base on Balls
Bert Smith to second
Batting: LHB Drew Morris 0-0: Foul Ball, location: 2F
0-1: Ball
1-1: Swinging Strike
1-2: Foul Ball, location: 2F
1-2: Ball
2-2: SINGLE (Line Drive, 89M)
Bert Smith to third
Dave Olsen to second
Runner from 3rd tries for Home, SAFE, no throw
Batting: RHB Ray Picot 0-0: Swinging Strike
0-1: Ball
1-1: Ball
2-1: 3-RUN HOME RUN (Flyball, 7LD), Distance : 313 ft
Pitching: RHP David Hicken
Batting: LHB Fernando García 0-0: Foul Ball, location: 2F
0-1: Ball
1-1: Ball
2-1: Foul Ball, location: 2F
2-2: Foul Ball, location: 2F
2-2: Fly out, F7 (Flyball, 78M)
Bottom of the 4th over - 5 runs, 4 hits, 0 errors, 0 left on base; Washington State 0 - Oregon State 5
TOP OF THE 5TH
Washington State Cougars batting - Pitching for Oregon State Beavers : RHP Brendan Lee
Batting: RHB Charlie Owens 0-0: Swinging Strike
0-1: Ball
1-1: Ball
2-1: Swinging Strike
2-2: Ball
3-2: Ground out 1-3 (Groundball, P)
Batting: LHB Sergio Molina 0-0: Called Strike
0-1: Swinging Strike
0-2: Ball
1-2: Strikes out swinging
Batting: RHB Riley Lewis 0-0: Fly out, F5 (Popup, 15S)
Top of the 5th over - 0 runs, 0 hits, 0 errors, 0 left on base; Washington State 0 - Oregon State 5
BOTTOM OF THE 5TH
Oregon State Beavers batting - Pitching for Washington State Cougars : RHP David Hicken
Batting: RHB Ed Edmonds 0-0: Ball
1-0: Swinging Strike
1-1: SINGLE (Line Drive, 8RS)
Batting: RHB Michael Kissinger 0-0: Ground out 3-1 (Groundball, 34S)
Ed Edmonds to second
Batting: RHB Julius Sears 0-0: Ball
Ed Edmonds is caught stealing 3rd base
1-0: Ball
2-0: Ball
3-0: Base on Balls
Batting: LHB Guillermo Peña 0-0: Ball
1-0: Ball
2-0: Foul Ball, location: 2F
2-1: Swinging Strike
2-2: Strikes out swinging
Bottom of the 5th over - 0 runs, 1 hit, 0 errors, 1 left on base; Washington State 0 - Oregon State 5
TOP OF THE 6TH
Washington State Cougars batting - Pitching for Oregon State Beavers : RHP Brendan Lee
Batting: RHB Jesse Pérez 0-0: Ball
1-0: SOLO HOME RUN (Flyball, 9LD), Distance : 334 ft
Batting: LHB Bob Hayes 0-0: Ball
1-0: Ball
2-0: SINGLE (Groundball, 34S) (infield hit)
Batting: RHB Joe Lowe 0-0: Hit by Pitch
Bob Hayes to second
Batting: RHB Ernest Richter 0-0: Ball
1-0: Ball
2-0: SINGLE (Groundball, 6MD)
Bob Hayes to third
Joe Lowe to second
Pitching: RHP José Blanco
Batting: RHB Alfonso Sánchez 0-0: Ball
1-0: Called Strike
1-1: Swinging Strike
1-2: Ball
2-2: Foul Ball, location: 2F
2-2: Ball
3-2: Base on Balls
Bob Hayes scores
Joe Lowe to third
Ernest Richter to second
Batting: LHB Andrew Guerrero 0-0: Fly out, F7 (Flyball, 7LMF)
Runner from 3rd tags up, SCORES, no throw
Batting: RHB Charlie Owens 0-0: Ball
1-0: Called Strike
1-1: Ball
2-1: Foul Ball, location: 2F
2-2: Ball
3-2: Grounds into double play, 6-4-3 (Groundball, 6)
Top of the 6th over - 3 runs, 3 hits, 0 errors, 1 left on base; Washington State 3 - Oregon State 5
BOTTOM OF THE 6TH
Oregon State Beavers batting - Pitching for Washington State Cougars : RHP David Hicken
Batting: RHB Bert Smith 0-0: Foul Ball, location: 2F
0-1: Called Strike
0-2: Foul Ball, location: 2F
0-2: Ball
1-2: Ball
2-2: Ball
3-2: Foul Ball, location: 2F
3-2: Foul Ball, location: 2F
3-2: Base on Balls
Batting: LHB Dave Olsen 0-0: Called Strike
0-1: Called Strike
0-2: Strikes out looking
Batting: LHB Drew Morris 0-0: Called Strike
0-1: Foul Ball, location: 2F
0-2: Ball
1-2: Foul Ball, location: 2F
1-2: Ball
2-2: TRIPLE (Flyball, 7D)
Bert Smith scores
Batting: RHB Ray Picot 0-0: Fly out, F4 (Popup, 4M)
Batting: LHB Fernando García 0-0: Called Strike
0-1: SINGLE (Flyball, 8LS)
Drew Morris scores
Pitching: RHP Joe Johnston
Batting: RHB Ed Edmonds 0-0: Called Strike
0-1: Ground out 4-3 (Groundball, 34D)
Bottom of the 6th over - 2 runs, 2 hits, 0 errors, 1 left on base; Washington State 3 - Oregon State 7
TOP OF THE 7TH
Washington State Cougars batting - Pitching for Oregon State Beavers : RHP José Blanco
Batting: LHB Sergio Molina 0-0: Fly out, F7 (Flyball, 78S)
Batting: RHB Riley Lewis 0-0: Swinging Strike
0-1: Ball
1-1: Swinging Strike
1-2: Foul Ball, location: 2F
1-2: Strikes out swinging
Batting: RHB Jesse Pérez 0-0: Ball
1-0: Swinging Strike
1-1: Called Strike
1-2: Strikes out swinging
Top of the 7th over - 0 runs, 0 hits, 0 errors, 0 left on base; Washington State 3 - Oregon State 7
BOTTOM OF THE 7TH
Oregon State Beavers batting - Pitching for Washington State Cougars : RHP Nick Olson
Pitching: RHP Nick Olson
Batting: RHB Michael Kissinger 0-0: Ball
1-0: Ball
2-0: Ball
3-0: Called Strike
3-1: Foul Ball, location: 2F
3-2: Foul Ball, location: 2F
3-2: Foul Ball, location: 2F
3-2: Base on Balls
Batting: RHB Julius Sears 0-0: SINGLE (Line Drive, 6MD)
Michael Kissinger to second
Batting: LHB Guillermo Peña 0-0: Ball
1-0: Ball
2-0: Called Strike
2-1: Foul Ball, location: 2F
2-2: Foul Ball, location: 2F
2-2: Strikes out swinging
Batting: RHB Bert Smith 0-0: Foul Ball, location: 2F
0-1: Ball
1-1: Ball
2-1: Foul Ball, location: 2F
2-2: Ball
3-2: Base on Balls
Michael Kissinger to third
Julius Sears to second
Batting: LHB Dave Olsen 0-0: Ball
1-0: Ball
2-0: Ball
3-0: Base on Balls
Michael Kissinger scores
Julius Sears to third
Bert Smith to second
Batting: LHB Drew Morris 0-0: Fly out, F7 (Flyball, 7LS)
Runner from 3rd tags up, OUT at HOME
Bottom of the 7th over - 1 run, 1 hit, 0 errors, 2 left on base; Washington State 3 - Oregon State 8
TOP OF THE 8TH
Washington State Cougars batting - Pitching for Oregon State Beavers : RHP José Blanco
Now at 1B: Wallace Harris
Batting: LHB Bob Hayes 0-0: Called Strike
0-1: Swinging Strike
0-2: DOUBLE (Line Drive, 89M)
Batting: RHB Joe Lowe 0-0: Ball
1-0: Called Strike
1-1: Ball
2-1: Called Strike
2-2: Ball
3-2: Base on Balls
Batting: RHB Ernest Richter 0-0: Grounds into double play, 6-4-3 (Groundball, 6)
Bob Hayes to third
Batting: RHB Alfonso Sánchez 0-0: Ground out U3 (Groundball, 3)
Top of the 8th over - 0 runs, 1 hit, 0 errors, 1 left on base; Washington State 3 - Oregon State 8
BOTTOM OF THE 8TH
Oregon State Beavers batting - Pitching for Washington State Cougars : RHP Nick Olson
Pitching: RHP Victor Kocher
Batting: RHB Ray Picot 0-0: Called Strike
0-1: Ball
1-1: Ground out 5-3 (Groundball, 56S)
Batting: LHB Fernando García 0-0: Called Strike
0-1: Ball
1-1: Ball
2-1: Ball
3-1: Base on Balls
Batting: RHB Ed Edmonds 0-0: Ball
1-0: Foul Ball, location: 2F
1-1: Foul Ball, location: 2F
1-2: Foul Ball, location: 2F
1-2: Strikes out swinging
Fernando García steals 2nd base
Batter strikes out.
Batting: RHB Michael Kissinger 0-0: Ball
1-0: Called Strike
1-1: Ball
2-1: Foul Ball, location: 2F
2-2: Ball
3-2: Foul Ball, location: 2F
3-2: Strikes out looking
Bottom of the 8th over - 0 runs, 0 hits, 0 errors, 1 left on base; Washington State 3 - Oregon State 8
TOP OF THE 9TH
Washington State Cougars batting - Pitching for Oregon State Beavers : RHP José Blanco
Batting: LHB Andrew Guerrero 0-0: Ball
1-0: Ball
2-0: Ball
3-0: Base on Balls
Batting: RHB Charlie Owens 0-0: Called Strike
0-1: Called Strike
0-2: Ball
1-2: SINGLE (Flyball, 8RM)
Andrew Guerrero to second
Batting: LHB Sergio Molina 0-0: Fly out, F9 (Flyball, 9LS)
Batting: RHB Riley Lewis 0-0: Fielders Choice at 2nd, 6-4 (Groundball, 56)
Andrew Guerrero to third
Batting: RHB Jesse Pérez 0-0: Ball
1-0: Called Strike
1-1: Ball
2-1: Swinging Strike
2-2: Strikes out swinging
Top of the 9th over - 0 runs, 1 hit, 0 errors, 2 left on base; Washington State 3 - Oregon State 8
Saturday, April 7th, 2018 - OOTP Baseball 18.8 Build 76